 Dungeon Crawl Stone Soup version 0.18.1-8-gdd0e5ea (webtiles) character file.

947 vale the Carver (level 7, -1/52 HPs)
             Began as a Minotaur Wizard on June 11, 2016.
             Killed from afar by estraven's ghost (12 damage)
             ... with a spray of energy
             ... on level 4 of the Dungeon.
             The game lasted 00:22:18 (9883 turns).

vale the Carver (Minotaur Wizard)                   Turns: 9883, Time: 00:22:19

Health: -1/52      AC:  3    Str: 11    XL:     7   Next: 89%
Magic:  9/9        EV:  8    Int: 16    God:
Gold:   211        SH:  0    Dex: 10    Spells: 4 memorised, 2 levels left

rFire  . . .     SeeInvis .     a - +1 scimitar
rCold  . . .     Gourm    .     w - +0 robe
rNeg   . . .     Faith    .     (no shield)
rPois  .         Spirit   .     y - +0 hat
rElec  .         Dismiss  .     (no cloak)
rCorr  .         Reflect  .     p - +0 pair of gloves
SustAt .         Harm     .     (no boots)
MR     .....                    (no amulet)
Stlth  +.........               (no ring)
                                (no ring)

@: confused, not resistant to hostile enchantments, very unstealthy
A: retaliatory headbutt, horns 2
a: no special abilities


You were on level 4 of the Dungeon.
You were not hungry.

You visited 1 branch of the dungeon, and saw 5 of its levels.
You also visited: Sewer.

You collected 211 gold pieces.

Inventory:

Hand Weapons
 a - a +1 scimitar (weapon)
 b - a +0 blowgun
 l - a +0 dagger
 n - a +0 short sword
 x - a +0 spear
Missiles
 o - 4 javelins (quivered)
 D - 38 poisoned needles
Armour
 p - a +0 pair of gloves (worn)
 w - a +0 robe (worn)
 y - a +0 hat (worn)
Scrolls
 g - a scroll of fear
 h - a scroll of teleportation {unknown}
 m - a scroll of random uselessness
 s - a scroll of remove curse {unknown}
 v - a scroll of recharging {unknown}
 z - 2 scrolls of enchant weapon
 F - a scroll of blinking {unknown}
Potions
 e - a potion of degeneration
 f - 2 potions of brilliance {unknown}
 j - a potion of might
 r - 2 potions of cure mutation
 t - a potion of lignification
 u - 3 potions of agility
 A - 3 potions of heal wounds {unknown}
 B - a potion of flight
 G - 2 potions of berserk rage {unknown}
Books
 c - a book of Minor Magic

   Spells                             Type                      Level
   a - Magic Dart                     Conjuration                  1
   b - Blink                          Translocation                2
   c - Call Imp                       Summoning                    2
   d - Repel Missiles                 Charms/Air                   2
   e - Slow                           Hexes                        2
   f - Conjure Flame                  Conjuration/Fire             3
   g - Mephitic Cloud                 Conjuration/Poison/Air       3
 i - a book of Alchemy

   Spells                             Type                      Level
   a - Sublimation of Blood           Necromancy                   2
   b - Ignite Poison                  Fire/Transmutation/Poison    3
   c - Petrify                        Transmutation/Earth          4
   d - Alistair's Intoxication        Transmutation/Poison         5
   e - Irradiate                      Conjuration/Transmutation    5
Comestibles
 d - 4 chunks of flesh {@w0}


   Skills:
 - Level 1.0 Fighting
 + Level 8.5 Long Blades
 - Level 4.0 Dodging
 - Level 1.5 Stealth
 + Level 2.2 Spellcasting
 - Level 3.1 Conjurations
 - Level 0.6 Summonings
 - Level 0.6 Translocations


You had 2 spell levels left.
You knew the following spells:

 Your Spells              Type           Power        Failure   Level  Hunger
a - Magic Dart            Conj           ##..         8%          1    #......
d - Mephitic Cloud        Conj/Pois/Air  #.......     38%         3    ###....
e - Call Imp              Summ           #.......     24%         2    ###....
p - Blink                 Tloc           N/A          24%         2    ###....


Dungeon Overview and Level Annotations

Branches:
Dungeon (5/15)
 Temple: D:4-7

Altars:
Fedhas
Zin

Shops:
D:4 %

Annotations:
D:4 estraven's ghost, amateur DECj


Innate Abilities, Weirdness & Mutations

You reflexively headbutt those who attack you in melee.
You have a pair of horns on your head.


Message History

There is a stone staircase leading up, spattered with blood here.
You take 7 damage, and have 45/52 hp.
The centaur skeleton hits you. Estraven's ghost casts a spell at you.
The spray of energy hits you!
* * * LOW HITPOINT WARNING * * *
You are confused.
In your confused state, you trip and fall back down the stairs.
* * * LOW HITPOINT WARNING * * *
The centaur skeleton hits you!
* * * LOW HITPOINT WARNING * * *
The centaur skeleton hits you.
* * * LOW HITPOINT WARNING * * *
You take 30 damage, and have 15/52 hp.
MASSIVE DAMAGE!!
The centaur skeleton hits you.
* * * LOW HITPOINT WARNING * * *
Estraven's ghost says, "You will join me soon!"
Estraven's ghost casts a spell at you. The spray of energy hits you!
You die...

##...##########.##.#.....
#####...........#.#.....
#...)...............
#....>..............
#...[.....###...#...
#..............###.#
#........)###..# #.W
#.Z...W...# #..# ##.
#..@......# #..# ##
#.[.).....# ##.#
#.........# ###
###########


You could see estraven's ghost and a centaur skeleton.

Vanquished Creatures
  Edmund (D:4)
  An ogre (D:4)
  A centaur (D:5)
  2 big kobolds (Sewer)
  A scorpion (D:4)
  A jelly (D:4)
  2 hounds
  2 orc wizards
  A giant frog skeleton (D:4)
  An iguana (D:5)
  3 worker ants
  3 gnolls
  An adder (D:4)
  4 oozes
  An adder skeleton (D:4)
  2 worms
  2 dart slugs (D:2)
  3 giant geckos
  13 orcs
  4 giant cockroaches
  11 goblins
  6 hobgoblins
  2 jackals
  2 quokkas
  2 ball pythons (D:1)
  12 bats
  4 giant newts
  28 kobolds
  A quokka skeleton (D:4)
  7 rats
124 creatures vanquished.

Vanquished Creatures (collateral kills)
  3 adders
  A gnoll (D:3)
  An ooze (D:3)
  An orc (D:3)
6 creatures vanquished.

Grand Total: 130 creatures vanquished

Notes
Turn   | Place    | Note
--------------------------------------------------------------
     0 | D:1      | vale the Minotaur Wizard began the quest for the Orb.
     0 | D:1      | Reached XP level 1. HP: 14/14 MP: 2/2
   385 | D:1      | Reached skill level 1 in Conjurations
   868 | D:1      | Reached XP level 2. HP: 20/20 MP: 0/4
  1042 | D:1      | Learned a level 2 spell: Blink
  1045 | D:1      | Learned a level 2 spell: Call Imp
  2095 | D:2      | Reached XP level 3. HP: 23/26 MP: 2/5
  3670 | D:3      | Reached XP level 4. HP: 33/33 MP: 2/6
  4037 | D:3      | Noticed an angel
  4038 | D:3      | Found a glowing silver altar of Zin.
  4236 | D:3      | Found a glowing drain.
  4268 | Sewer    | Entered a sewer
  4442 | Sewer    | Reached skill level 1 in Fighting
  5064 | Sewer    | Reached skill level 1 in Long Blades
  5117 | Sewer    | Reached XP level 5. HP: 40/40 MP: 1/7
  5215 | Sewer    | Learned a level 3 spell: Mephitic Cloud
  5242 | Sewer    | Reached skill level 2 in Long Blades
  5323 | Sewer    | Reached skill level 3 in Long Blades
  5323 | Sewer    | Reached XP level 6. HP: 39/47 MP: 5/8
  5937 | D:3      | Found a blossoming altar of Fedhas.
  6121 | D:3      | Reached skill level 4 in Long Blades
  6515 | D:4      | Found Adepuyhy's Food Shop.
  6520 | D:4      | Noticed estraven's ghost (amateur DECj)
  6539 | D:5      | Entered Level 5 of the Dungeon
  6539 | D:5      | Noticed Edmund
  7332 | D:4      | Reached skill level 5 in Long Blades
  7605 | D:5      | Reached skill level 6 in Long Blades
  7605 | D:5      | Reached XP level 7. HP: 18/52 MP: 5/9
  8428 | D:4      | Killed Edmund
  8428 | D:4      | Reached skill level 7 in Long Blades
  9043 | D:3      | Reached skill level 8 in Long Blades
  9071 | D:3      | HP: 2/52 [poisoned by a worker ant]
  9883 | D:4      | Killed from afar by estraven's ghost

Skill      XL: |  1  2  3  4  5  6  7 |
---------------+----------------------+-----
Conjurations   | 1 2 3 |  3.1
Fighting       | 1 |  1.0
Long Blades    | 1 3 6 8 |  8.5
Dodging        | 3 4 |  4.0
Stealth        | |  1.5
Spellcasting   | |  2.2
Summonings     | |  0.6
Translocations | |  0.6

Action                   |  1- 3 |  4- 6 |  7- 9 || total
-------------------------+-------+-------+-------++-------
Melee: Club              |    20 |       |       ||    20
       Unarmed           |     3 |       |       ||     3
       Headbutt          |     4 |    11 |     5 ||    20
       Short sword       |    12 |    13 |       ||    25
       Scimitar          |       |    68 |    45 ||   113
 Fire: Blowgun           |       |    12 |    20 ||    32
Throw: Stone             |     8 |     2 |       ||    10
 Cast: Magic Dart        |    98 |    95 |    33 ||   226
       Call Imp          |     4 |    13 |     1 ||    18
       Mephitic Cloud    |       |     3 |     4 ||     7
       Blink             |       |     2 |     4 ||     6
  Use: Scroll            |       |     7 |     5 ||    12
       Potion            |       |     5 |     1 ||     6
 Stab: Sleeping          |     2 |       |       ||     2
       Confused          |       |     1 |     2 ||     3
       Distracted        |       |       |     1 ||     1
  Eat: Chunk             |    10 |    10 |     4 ||    24
       Bread ration      |       |     1 |     1 ||     2
       Royal jelly       |       |     1 |       ||     1
       Pizza             |       |       |     1 ||     1
Armor: Robe              |     8 |    30 |     9 ||    47
Dodge: Dodged            |    34 |    99 |    44 ||   177
